 Dungeon Crawl Stone Soup version 0.27-a0-1196-g3e9cee4cb2 (webtiles) character file.

Game seed: 5117211363158095657

107 ZappyNine the Sneak (level 5, -2/32 HPs)
             Began as a Kobold Fighter on May 27, 2021.
             Slain by a hornet zombie (4 damage)
             ... on level 3 of the Dungeon.
             The game lasted 00:02:09 (2525 turns).

ZappyNine the Sneak (Kobold Fighter)                Turns: 2525, Time: 00:02:10

Health: -2/32      AC:  7    Str: 13    XL:     5   Next: 10%
Magic:  5/5        EV: 10    Int: 10    God:
Gold:   81         SH:  5    Dex: 15    Spells: 4/4 levels left

rFire    . . .     SeeInvis .   a - +0 rapier
rCold    . . .     Faith    .   c - +0 buckler
rNeg     + . .     Spirit   .   b - +0 scale mail
rPois    .         Reflect  .   (no helmet)
rElec    .         Harm     .   (no cloak)
rCorr    .         Rampage  .   i - +0 pair of gloves
Will     .....                  (no boots)
Stlth    +++.......             (no amulet)
HPRegen  0.10/turn              l - ring of positive energy
MPRegen  0.09/turn              (no ring)

@: mighty
A: small, no large weapons, nightstalker 3
a: no special abilities


You were on level 3 of the Dungeon.
You visited 1 branch of the dungeon, and saw 3 of its levels.

You collected 81 gold pieces.

Inventory:

Hand Weapons
 a - a +0 rapier (weapon)
Armour
 b - a +0 scale mail (worn)
 c - a +0 buckler (worn)
 i - a +0 pair of gloves (worn)
Jewellery
 l - a ring of positive energy (left hand)
 q - an amulet of guardian spirit
Scrolls
 g - a scroll of identify {unknown}
 h - 2 scrolls of brand weapon {unknown}
 j - 2 scrolls of amnesia {unknown}
 o - 2 scrolls of teleportation {unknown}
 p - a scroll of blinking {unknown}
 s - a scroll of noise {unknown}
 t - a scroll of immolation {unknown}
Potions
 e - a potion of curing {unknown}
 f - 2 potions of resistance {unknown}
 k - a potion of attraction {unknown}
 m - a potion of brilliance {unknown}
 n - a potion of mutation {unknown}
 r - 2 potions of heal wounds {unknown}


   Skills:
 - Level 3.3 Fighting
 - Level 2.7 Short Blades
 - Level 2.4 Armour
 + Level 6.1 Stealth
 - Level 2.4 Shields


You had 4 spell levels left.
You didn't know any spells.
Your spell library was empty.

Dungeon Overview and Level Annotations

Branches:
Dungeon (3/15)

Altars:
Okawaru


Innate Abilities, Weirdness & Mutations

You are small and have problems with some larger weapons.
You are completely attuned to the shadows.


Message History

No target in view!
No target in view!
No target in view!
No target in view!
No target in view!
No target in view!
No target in view!
No target in view!
No target in view!
No target in view!
No target in view!
Found a giant club.
You open the door.
A goblin comes into view. It is wielding a +0 club.
Found a scroll labelled VENKEV DESOLEZ.
Found a stone staircase leading up.
A goblin is nearby!
There is an open door here.
The helpless goblin fails to defend itself.
You impale the goblin!!
You kill the goblin!
No target in view!
No target in view!
No target in view!
No target in view!
t - a scroll labelled VENKEV DESOLEZ You open the door.
As you open the door, it creaks loudly!
A hornet zombie comes into view.
A hornet zombie is nearby!
A hornet zombie is nearby!
The hornet zombie hits you!
There is an open door here.
The hornet zombie hits you!
You feel very mighty all of a sudden. The hornet zombie hits you!
* * * LOW HITPOINT WARNING * * *
You closely miss the hornet zombie. The hornet zombie hits you.
* * * LOW HITPOINT WARNING * * *
The hornet zombie hits you.
You die...

.#.##.#.#.#....# #.# ##.####
......#.#.#.##.###.# #.#
...####.#.#.##.....# #.#
#...###.........#### ##'##
##...#####...## ##...## ......##
#.#..# ##.....## # .))#...#
#....# ##.......## ##
_..##..###.....####........)####.
.).#............@Z'......<..'....
......####.....####.........####.
##....# #..#.## ##.......###>..
#...#.# #..#.# ##..........##
...##.# #... ........#####.# ..##
.......## #.# .... .......# #.#
.#### ........) #.## .# #. #...


You could see a hornet zombie.

Vanquished Creatures
  Jessica (D:2)
  3 adders
  3 dart slugs
  6 bats
  5 endoplasms
  A giant cockroach (D:3)
  7 goblins
  3 hobgoblins
  5 kobolds
  A quokka (D:3)
  7 ball pythons
  3 frilled lizards
  3 rats (D:1)
48 creatures vanquished.

Vanquished Creatures (others)
  2 plants (D:2)
2 creatures vanquished.

Grand Total: 50 creatures vanquished

Notes
Turn   | Place    | Note
-------+----------+-------------------------------------------
     0 | D:1      | ZappyNine the Kobold Fighter began the quest for the Orb.
     0 | D:1      | Reached XP level 1. HP: 14/14 MP: 1/1
    89 | D:1      | Reached skill level 1 in Stealth
   117 | D:1      | Reached skill level 2 in Stealth
   117 | D:1      | Reached XP level 2. HP: 14/19 MP: 2/2
   423 | D:1      | Found a faded altar of an unknown god.
   462 | D:1      | Reached skill level 3 in Stealth
   577 | D:1      | Reached XP level 3. HP: 23/23 MP: 3/3
   892 | D:2      | Noticed Jessica
   909 | D:2      | Reached skill level 4 in Stealth
   918 | D:2      | Killed Jessica
   919 | D:2      | Reached skill level 5 in Stealth
   919 | D:2      | Reached XP level 4. HP: 12/28 MP: 4/4
  2173 | D:3      | Found an iron altar of Okawaru.
  2182 | D:3      | Reached skill level 6 in Stealth
  2182 | D:3      | Reached XP level 5. HP: 25/32 MP: 5/5
  2525 | D:3      | Slain by a hornet zombie

Illustrated notes

Levels and vault maps discovered:
D:1:      evilmike_arrival_hilbert_curve, layout_basic,
          hellmonk_ecumenical_altar_heavens_door, minmay_heptomino_o4
D:2:      wad_lake_hut, layout_rooms, uniq_jessica
D:3:      layout_loops_corners, amcnicky_altar_gilded, okawaru_ov_weapons_minmay

Skill      XL: |  1  2  3  4 |
---------------+-------------+-----
Stealth        | 2 3 5 6 |  6.1
Fighting       | |  3.3
Short Blades   | |  2.7
Armour         | |  2.4
Shields        | |  2.4

Action                   |  1- 3 |  4- 6 || total
-------------------------+-------+-------++-------
Melee: Rapier            |    67 |    73 ||   140
  Use: Potion            |     1 |     2 ||     3
 Stab: Sleeping          |     5 |     9 ||    14
Armor: Scale mail        |    31 |    25 ||    56
Dodge: Dodged            |    38 |    28 ||    66
Block: Buckler           |    18 |    13 ||    31

Table legend: (Time is in decaauts)
 A = Elapsed time spent in this place.
 B = Non-inter-level travel time spent in this place.
 C = Inter-level travel time spent in this place.
 D = Time resting spent in this place.
 E = Time spent auto-exploring this place.
 F = Levels seen in this place.
 G = Mean time per level.
                   A        B        C        D        E       F      G
               +--------+--------+--------+--------+--------+-----+--------+
         Total |   2608 |   2488 |    120 |    421 |   1737 |   3 |  869.3 |
       Dungeon |   2608 |   2488 |    120 |    421 |   1737 |   3 |  869.3 |
               +--------+--------+--------+--------+--------+-----+--------+

Top non-repeatable levels by time:
     D:2: 1389 daAuts
     D:1: 840 daAuts
     D:3: 378 daAuts
